 Dungeon Crawl Stone Soup version 0.30-a0-634-g8abc85282e (webtiles) character file.

Game seed: 4512642777613776853

41 pokeman the Magician (level 3, -1/20 HPs)
             Began as a Deep Elf Hedge Wizard on Jan 15, 2023.
             Slain by a hobgoblin (7 damage)
             ... led by Robin
             ... on level 2 of the Dungeon.
             The game lasted 00:02:26 (1516 turns).

pokeman the Magician (Deep Elf Hedge Wizard)        Turns: 1516, Time: 00:02:27

Health: -1/20      AC:  2    Str:  7    XL:     3   Next: 32%
Magic:  0/11       EV: 12    Int: 20    God:
Gold:   26         SH:  0    Dex: 14    Spells: 4/12 levels left

rFire   + . .      SeeInvis .    a - +0 dagger
rCold   . . .      Faith    .    (no shield)
rNeg    . . .      Spirit   .    b - +0 robe
rPois   .          Reflect  .    c - +0 hat
rElec   .          Harm     .    (no cloak)
rCorr   .          Rampage  .    (no gloves)
Will    .....                    (no boots)
Stlth   ++                       (no amulet)
HPRegen 0.23/turn                g - ring of protection from fire
MPRegen 0.12/turn                (no ring)

@: very slightly contaminated
A: no striking features
a: no special abilities


You were on level 2 of the Dungeon.
You visited 1 branch of the dungeon, and saw 2 of its levels.

You collected 26 gold pieces.

Inventory:

Hand Weapons
 a - a +0 dagger (weapon)
Missiles
 f - 5 curare-tipped darts
Armour
 b - a +0 robe (worn)
 c - a +0 hat (worn)
Jewellery
 g - a ring of protection from fire (left hand)
Scrolls
 h - a scroll of teleportation {unknown}
Potions
 d - a potion of magic
 e - a potion of brilliance {unknown}


   Skills:
 + Level 0.8 Fighting
 + Level 0.9 Armour
 - Level 2.4 Dodging
 - Level 2.4 Stealth
 * Level 5.2 Spellcasting
 + Level 1.9 Conjurations
 - Level 1.1 Summonings
 - Level 1.1 Translocations


You had 4 spell levels left.
You knew the following spells:

 Your Spells              Type           Power      Damage    Failure   Level
a - Magic Dart            Conj           48%        1d5       5%          1
b - Mephitic Cloud        Conj/Pois/Air  7%         N/A       26%         3
c - Call Imp              Summ           9%         N/A       11%         2
d - Blink                 Tloc           18%        N/A       11%         2

Your spell library contained the following spells:

 Spells                   Type           Power      Damage    Failure   Level
 Slow                     Hex            20%        N/A       12%         1
 Cigotuvi's Dreadful Rot  Necr/Pois/Air  10%        N/A       17%         2
 Freezing Cloud           Conj/Ice/Air   3%         6-21      94%         5
 Simulacrum               Ice/Necr       2%         N/A       100%        6
 Polar Vortex             Ice            2%         N/A       100%        9


Dungeon Overview and Level Annotations

Branches:
Dungeon (2/15)

Altars:
Zin

Annotations:
D:2 Robin


Message History

The goblin dies!
Robin barely misses your crimson imp.
Your crimson imp hits the hobgoblin but does no damage.
The hobgoblin attacks as you move away! The hobgoblin closely misses you.
Your crimson imp blinks!
The hobgoblin attacks as you move away! The hobgoblin closely misses you.
You hit the hobgoblin but do no damage.
The hobgoblin is lightly wounded.
The hobgoblin hits you.
You closely miss the hobgoblin.
The hobgoblin is lightly wounded.
The hobgoblin closely misses you.
You hit the hobgoblin but do no damage.
The hobgoblin is lightly wounded.
Robin roars a battlecry!
The hobgoblin closely misses you.
You barely miss the hobgoblin.
The hobgoblin is lightly wounded.
The hobgoblin barely misses you.
Casting: Call Imp (safe; 11% risk of failure)
Confirm with . or Enter, or press ? or * to list all spells.
You miscast Call Imp.
You are very lightly contaminated with residual magic.
Nothing appears to happen.
The hobgoblin no longer looks unusually strong.
Robin roars a battlecry!
The hobgoblin goes into a battle-frenzy!
Your crimson imp barely misses the hobgoblin.
The hobgoblin hits you.
* * * LOW HITPOINT WARNING * * *
Something hits your crimson imp.
Robin roars a battlecry!
Your crimson imp hits the hobgoblin but does no damage.
Something closely misses your crimson imp.
Robin barely misses your crimson imp.
A goblin comes into view. It is wielding a +0 club.
There is a stone staircase leading up here.
Your crimson imp blinks!
The hobgoblin hits you!
You die...

#####...).......#.####........#
#......####g..................#
##.###..# #..#....####........#
.[.....## ##.####.####........#
[..##.## #g5....#...........#
.....g.# #####§...##........#
.#####)#### ##....5..########
#†....#####g.....###..#
#......g...@.......)..#
)g.........##....######
...#####...#..##.# ..##
#...†.....##
##...####.#.....#..#
........#..###.##
#.....#....(.#..#
#....##.####†##.####
#....>..[.##.......#


You could see a hobgoblin (strong, ally target), a goblin (wandering) and a
friendly crimson imp (summoned).

Vanquished Creatures
  A worm (D:2)
  5 ball pythons (D:1)
  3 bats
  3 endoplasms (D:1)
  6 goblins
  3 hobgoblins
  3 quokkas (D:1)
  A frilled lizard (D:1)
  3 kobolds
  3 rats
31 creatures vanquished.

Vanquished Creatures (collateral kills)
  A goblin (D:2)
1 creature vanquished.

Grand Total: 32 creatures vanquished

Notes
Turn   | Place    | Note
-------+----------+-------------------------------------------
     0 | D:1      | pokeman the Deep Elf Hedge Wizard began the quest for the
                  | Orb.
     0 | D:1      | Reached XP level 1. HP: 10/10 MP: 7/7
   305 | D:1      | Reached XP level 2. HP: 16/16 MP: 6/9
   901 | D:1      | Reached skill level 5 in Spellcasting
  1083 | D:1      | Reached XP level 3. HP: 20/20 MP: 6/11
  1087 | D:1      | Learned a level 3 spell: Mephitic Cloud
  1090 | D:1      | Learned a level 2 spell: Call Imp
  1093 | D:1      | Learned a level 2 spell: Blink
  1458 | D:2      | Found a glowing silver altar of Zin.
  1485 | D:2      | Noticed Robin
  1516 | D:2      | Slain by a hobgoblin

Illustrated notes

Levels and vault maps discovered:
D:1:      amcnicky_arrival_single_pillar, layout_loops_ring
D:2:      cheibrodos_helix_gallery, layout_rooms, basic_altar, uniq_robin

Skill      XL: |  1  2 |
---------------+-------+-----
Spellcasting   | 5 |  5.2
Fighting       | |  0.8
Armour         | |  0.9
Dodging        | |  2.4
Stealth        | |  2.4
Conjurations   | |  1.9
Summonings     | |  1.1
Translocations | |  1.1

Action                   || total
-------------------------++-------
Melee: Dagger            ||     9
       Punch             ||     1
 Cast: Magic Dart        ||    83
       Call Imp          ||     1
Armor: Robe              ||     1
Dodge: Dodged            ||    13

Table legend: (Time is in decaauts)
 A = Elapsed time spent in this place.
 B = Non-inter-level travel time spent in this place.
 C = Inter-level travel time spent in this place.
 D = Time resting spent in this place.
 E = Time spent auto-exploring this place.
 F = Levels seen in this place.
 G = Mean time per level.
                   A        B        C        D        E       F      G
               +--------+--------+--------+--------+--------+-----+--------+
         Total |   1515 |   1494 |     21 |      0 |   1310 |   2 |  757.5 |
       Dungeon |   1515 |   1494 |     21 |      0 |   1310 |   2 |  757.5 |
               +--------+--------+--------+--------+--------+-----+--------+

Top non-repeatable levels by time:
     D:1: 1301 daAuts
     D:2: 213 daAuts
